AoeStats
← Dragon

Fortress

507846783Analyzed
4v4 RM · 12d ago on Sep 19, 2026· 100m 19s· 8 players
Game mode
Random Map
Map size
Huge
Population
200
Speed
Normal
Resources
Standard
Victory
Conquest
Starting age
Dark Age
Ending age
Imperial Age
RankedLock teamsTeams togetherTeam positionsShared explorationLock speedFull tech treeHidden civsTurbo modeCheats
Victory
Defeat
🇨🇳 Tatars · China
1358
+14
🇨🇭 Cumans · Switzerland
1354
+14
🇫🇷 Bengalis · France
1346
+15
🇸🇪 Burgundians · Sweden
1260
+18
🇩🇪 Hindustanis · Germany
1334
-16
🇩🇪 Portuguese · Germany
1316
-15
🇩🇪 Slavs · Germany
1315
-15
🇦🇷 Persians · Argentina
1299
-15
Who am I
8:12 Feudal Age
11:57 Castle Age
9:46 Double-Bit Axe
9:52 Horse Collar
11:55 Wheelbarrow
15:39 Bow Saw
17:23 Heavy Plow
18:01 Loom
19:50 Hand Cart
20:17 Stone Mining
20:21 Gold Mining
21:45 Gold Shaft Mining
22:38 Bloodlines
22:28 Husbandry
24:25 Scale Barding Armor
24:31 Forging
28:16 Imperial Age
26:15 Detinets
27:00 Chain Barding Armor
27:16 Iron Casting
27:01 Caravan
26:53 Light Cavalry
27:04 Light Cavalry
28:21 Iron Casting
27:37 Fletching
29:21 Conscription
29:39 Hoardings
29:50 Plate Barding Armor
30:15 Blast Furnace
30:32 Two-Man Saw
30:03 Crop Rotation
30:05 Elite Boyar
36:31 Onager
38:13 Siege Onager
44:12 Siege Engineers
44:28 Ballistics
44:20 Masonry
64:57 Hussar
67:04 Coinage
72:05 Capped Ram
73:27 Siege Ram
78:57 Banking
86:57 Fortified Wall
93:17 Heavy Scorpion
96:52 Bodkin Arrow
siggi-lok
7:14 Feudal Age
11:32 Castle Age
9:52 Double-Bit Axe
9:50 Horse Collar
17:51 Imperial Age
19:32 Chemistry
22:02 Arquebus
25:23 Loom
26:13 Wheelbarrow
25:23 Town Watch
26:06 Padded Archer Armor
25:57 Fletching
30:56 Leather Archer Armor
31:05 Siege Engineers
32:05 Fortified Wall
32:33 Elite Skirmisher
34:44 Thumb Ring
37:36 Bodkin Arrow
38:08 Ballistics
38:50 Ring Archer Armor
40:30 Bracer
42:08 Conscription
44:08 Scale Mail Armor
44:19 Forging
46:02 Bow Saw
46:04 Heavy Plow
45:33 Pikeman
46:34 Gold Mining
48:09 Halberdier
51:24 Man-at-Arms
53:22 Chain Mail Armor
53:43 Iron Casting
54:30 Murder Holes
54:16 Treadmill Crane
54:46 Masonry
55:10 Plate Mail Armor
55:47 Two-Man Saw
61:42 Man-at-Arms
64:50 Blast Furnace
66:17 Stone Mining
77:43 Hand Cart
77:28 Town Patrol
Dragon
6:56 Feudal Age
12:30 Castle Age
12:46 Double-Bit Axe
12:42 Horse Collar
17:37 Wheelbarrow
17:13 Loom
18:17 Bow Saw
22:18 Scale Mail Armor
25:45 Imperial Age
24:21 Scale Barding Armor
24:26 Forging
25:05 Bloodlines
24:56 Husbandry
25:27 Chain Barding Armor
27:05 Iron Casting
27:16 Plate Barding Armor
26:02 Heavy Camel Rider
27:52 Gold Mining
28:05 Heavy Plow
29:10 Two-Man Saw
30:33 Imperial Camel Rider
32:58 Blast Furnace
33:26 Caravan
33:26 Fletching
34:16 Conscription
34:16 Stone Mining
39:39 Padded Archer Armor
41:05 Ballistics
41:48 Chemistry
41:11 Ballistics
41:02 Fortified Wall
41:37 Thumb Ring
43:12 Leather Archer Armor
43:25 Light Cavalry
44:40 Ring Archer Armor
46:10 Hand Cart
45:41 Town Watch
48:09 Grand Trunk Road
47:56 Hussar
54:04 Bodkin Arrow
72:03 Town Patrol
84:07 Elite Skirmisher
84:13 Elite Ghulam
85:04 Shatagni
85:19 Bracer
85:35 Chain Mail Armor
87:51 Siege Engineers
87:57 Masonry
Rookie27
7:23 Feudal Age
11:02 Castle Age
9:12 Double-Bit Axe
9:28 Horse Collar
12:56 Scale Barding Armor
15:54 Forging
16:56 Wheelbarrow
17:45 Bow Saw
18:02 Bloodlines
18:50 Husbandry
20:46 Chain Barding Armor
21:02 Iron Casting
22:30 Fletching
22:47 Pikeman
23:27 Squires
23:12 Gambesons
23:52 Hand Cart
24:46 Loom
24:47 Town Watch
25:17 Arson
26:36 Gold Mining
27:57 Scale Mail Armor
31:55 Imperial Age
30:54 Chain Mail Armor
30:25 Elite Skirmisher
32:45 Plate Mail Armor
34:00 Halberdier
35:53 Gold Shaft Mining
38:01 Bodkin Arrow
38:06 Padded Archer Armor
39:07 Blast Furnace
40:31 Leather Archer Armor
41:51 Ring Archer Armor
42:24 Ballistics
43:53 Chemistry
69:01 Light Cavalry
70:39 Hussar
iiiiice
7:19 Feudal Age
11:46 Castle Age
9:49 Double-Bit Axe
10:06 Horse Collar
13:32 Bow Saw
15:13 Wheelbarrow
17:50 Heavy Plow
17:58 Gold Mining
19:09 Fletching
20:07 Bodkin Arrow
22:21 Gold Shaft Mining
27:06 Imperial Age
25:44 Ballistics
26:03 Hand Cart
26:07 Padded Archer Armor
27:03 Leather Archer Armor
27:49 Bracer
28:35 Conscription
29:04 Heavy Cavalry Archer
31:29 Ring Archer Armor
32:22 Chemistry
37:53 Capped Ram
39:30 Light Cavalry
40:20 Bloodlines
40:10 Husbandry
40:18 Scale Barding Armor
41:20 Chain Barding Armor
41:10 Forging
40:23 Hussar
43:39 Plate Barding Armor
49:15 Iron Casting
50:36 Elite Skirmisher
68:41 Blast Furnace
67:42 Scale Mail Armor
83:38 Squires
83:23 Arson
82:59 Man-at-Arms
84:08 Pikeman
84:58 Halberdier
96:59 Crop Rotation
Zozénia
7:31 Feudal Age
11:24 Castle Age
9:38 Double-Bit Axe
11:04 Horse Collar
12:19 Heavy Plow
17:50 Wheelbarrow
17:48 Bow Saw
18:05 Loom
19:37 Heavy Plow
20:49 Fletching
22:27 Hand Cart
25:34 Imperial Age
23:27 Gold Mining
23:52 Bodkin Arrow
24:20 Ballistics
25:07 Padded Archer Armor
26:43 Conscription
26:25 Bracer
26:43 Paiks
27:00 Bloodlines
26:51 Husbandry
28:00 Chemistry
27:51 Leather Archer Armor
27:47 Town Watch
28:02 Elite Elephant Archer
29:07 Stone Mining
30:40 Ring Archer Armor
30:58 Crop Rotation
31:09 Caravan
32:11 Scale Mail Armor
32:22 Forging
31:33 Pikeman
32:13 Squires
33:17 Mahayana
33:49 Chain Mail Armor
32:56 Halberdier
33:22 Gambesons
34:39 Iron Casting
36:55 Blast Furnace
37:51 Elite Battle Elephant
38:44 Scale Barding Armor
39:35 Coinage
39:16 Guilds
40:28 Herbal Medicine
42:18 Chain Barding Armor
47:13 Plate Barding Armor
49:41 Light Cavalry
51:22 Arson
54:43 Two-Man Saw
57:20 Treadmill Crane
57:50 Masonry
72:44 Sanctity
78:15 Fortified Wall
87:46 Architecture
scarabe
1:18 Double-Bit Axe
3:21 Horse Collar
8:42 Feudal Age
8:27 Loom
9:09 Gold Mining
13:53 Castle Age
14:29 Pikeman
15:27 Forging
24:28 Imperial Age
26:14 Chemistry
25:57 Wheelbarrow
25:09 Town Watch
33:36 Padded Archer Armor
37:11 Fletching
40:33 Hand Cart
41:14 Caravan
43:36 Stone Mining
50:27 Bodkin Arrow
50:52 Leather Archer Armor
51:42 Bracer
51:43 Murder Holes
52:00 Masonry
52:11 Ballistics
56:26 Elite Skirmisher
82:21 Scale Barding Armor
82:52 Iron Casting
83:11 Light Cavalry
83:52 Husbandry
84:57 Chain Barding Armor
84:32 Hussar
86:35 Plate Barding Armor
87:06 Blast Furnace
89:28 Town Patrol
ChickenHunter
6:06 Feudal Age
6:46 Double-Bit Axe
6:43 Horse Collar
11:02 Wheelbarrow
15:29 Castle Age
15:16 Gold Mining
15:33 Scale Barding Armor
15:38 Forging
15:39 Bloodlines
15:25 Loom
16:26 Bow Saw
16:21 Heavy Plow
20:30 Hand Cart
20:55 Chain Barding Armor
21:11 Iron Casting
23:56 Town Watch
28:13 Imperial Age
27:12 Gold Shaft Mining
26:29 Stone Mining
28:07 Iron Casting
28:19 Cavalier
29:40 Plate Barding Armor
30:05 Blast Furnace
29:58 Paladin
32:54 Two-Man Saw
32:00 Pikeman
32:43 Scale Mail Armor
33:50 Conscription
32:57 Halberdier
33:38 Squires
34:25 Chain Mail Armor
33:59 Arson
36:45 Plate Mail Armor
40:52 Hoardings
40:19 Steppe Husbandry
42:48 Coinage
42:28 Guilds
43:39 Caravan
44:10 Banking
43:17 Light Cavalry
44:29 Hussar
58:09 Fletching
76:30 Ballistics
77:27 Chemistry
76:38 Masonry
93:34 Bodkin Arrow
100:04 Murder Holes
Connection lost

Rejoining the realm…

Still unreachable

The connection could not be restored.

Session expired

The server has moved on; the page needs a fresh start.